 Dungeon Crawl Stone Soup version 0.22-b1-26-g9dbaab1 (webtiles) character file.

902 nicolaieve the Basher (level 7, 0/57 HPs)
             Began as a Minotaur Berserker on Aug 6, 2018.
             Was a Priest of Trog.
             Slain by an orc wizard
             ... wielding a +0 dagger
              (1 damage)
             ... on level 6 of the Dungeon.
             The game lasted 00:14:34 (4506 turns).

nicolaieve the Basher (Minotaur Berserker)          Turns: 4506, Time: 00:14:34

Health: 0/57       AC:  3    Str: 21    XL:     7   Next: 80%
Magic:  6/6        EV: 10    Int:  4    God:    Trog [***...]
Gold:   445        SH:  0    Dex: 12    Spells: 6/6 levels left

rFire    . . .     SeeInvis .   l - +0 whip
rCold    . . .     Gourm    .   (no shield)
rNeg     . . .     Faith    .   i - +0 scale mail (curse)
rPois    .         Spirit   .   (helmet restricted)
rElec    .         Reflect  .   (no cloak)
rCorr    .         Harm     .   q - +0 pair of gloves
MR       .....                  (no boots)
Stlth    ..........             (no amulet)
HPRegen  0.19/turn              (no ring)
MPRegen  0.10/turn              (no ring)

@: corroded, berserk cooldown, slowed, very slow
A: retaliatory headbutt, horns 2
a: Berserk, Trog's Hand, Renounce Religion


You were on level 6 of the Dungeon.
You worshipped Trog.
Trog was most pleased with you.
You were near starving.

You visited 1 branch of the dungeon, and saw 6 of its levels.
You also visited: Sewer.

You collected 445 gold pieces.

Inventory:

Hand Weapons
 l - a +0 whip (weapon)
Armour
 i - a cursed +0 scale mail (worn)
 q - a +0 pair of gloves (worn)
Jewellery
 k - an uncursed ring of flight {unknown}
 y - an uncursed ring of protection from fire {unknown}
Wands
 p - a wand of enslavement (15)
Scrolls
 b - 2 scrolls of enchant armour {unknown}
 d - 8 scrolls of identify {unknown}
 h - 2 scrolls of amnesia {unknown}
 j - 3 scrolls of teleportation {unknown}
 n - a scroll of magic mapping {unknown}
 o - a scroll of blinking {unknown}
 w - a scroll of immolation {unknown}
 x - a scroll of fog {unknown}
Potions
 a - a potion of berserk rage {unknown}
 e - a potion of invisibility {unknown}
 f - 4 potions of curing {unknown}
 g - 3 potions of brilliance {unknown}
 m - a potion of lignification {unknown}
 r - 2 potions of degeneration {unknown}
 s - 6 potions of heal wounds {unknown}
 t - a potion of haste {unknown}
 u - 2 potions of might {unknown}
 v - a potion of cancellation {unknown}
Comestibles
 c - 13 rations


   Skills:
 - Level 3.6 Fighting
 + Level 11.1 Maces & Flails
 - Level 2.4 Armour
 - Level 2.1 Dodging


You had 6 spell levels left.
You didn't know any spells.
Your spell library was empty.

Dungeon Overview and Level Annotations

Branches:
Dungeon (6/15)
 Temple: D:4-7

Altars:
Dithmenos
Nemelex Xobeh
Sif Muna

Annotations:
D:6 Duvessa


Innate Abilities, Weirdness & Mutations

You reflexively headbutt those who attack you in melee.
You have a pair of horns on your head.


Message History

* * * LOW HITPOINT WARNING * * *
You hit the orc wizard but do no damage.
The orc wizard casts a spell at you. The magic dart hits you!
* * * LOW HITPOINT WARNING * * *
Duvessa, Sister of Dowan comes into view.
She is wielding a short sword.
You hit the orc wizard. Your headbutt misses the orc wizard.
The orc wizard is moderately wounded.
The orc wizard casts a spell at you. The magic dart hits you!
* * * LOW HITPOINT WARNING * * *
The crimson imp hits you.
* * * LOW HITPOINT WARNING * * *
The orc wizard hits you with a dagger.
* * * LOW HITPOINT WARNING * * *
The orc wizard barely misses you.
Unknown command.
Okay, then.
The orc wizard hits you with a dagger.
You die...

#.... ......
.#..# #... ##..#
##..# ##))#
#o5#)...e..
#######@##..:....
..$....<# .......
######### .......
#######


You could see an orc wizard and a crimson imp.

Vanquished Creatures
  Sigmund (D:6)
  A sky beast (D:5)
  A centaur (D:5)
  2 scorpions
  A crimson imp (D:5)
  3 hounds
  An orc priest (D:6)
  A jelly (D:6)
  An orc wizard (D:6)
  A worker ant (D:4)
  7 gnolls (D:2)
  7 adders
  An adder skeleton (D:4)
  3 worms
  A dart slug (D:3)
  9 leopard geckos
  8 orcs
  4 ball pythons
  3 bats
  6 giant cockroaches
  6 hobgoblins
  14 jackals
  2 quokkas
  5 frilled lizards
  5 goblins
  11 kobolds
  A leopard gecko skeleton (D:4)
  A quokka skeleton (D:4)
  3 rats
110 creatures vanquished.

Vanquished Creatures (others)
  A plant (Sewer)
1 creature vanquished.

Grand Total: 111 creatures vanquished

Notes
Turn   | Place    | Note
-------+----------+-------------------------------------------
     0 | D:1      | nicolaieve the Minotaur Berserker began the quest for the Orb.
     0 | D:1      | Reached XP level 1. HP: 19/19 MP: 0/0
   323 | D:1      | Reached skill level 4 in Maces & Flails
   598 | D:2      | Reached XP level 2. HP: 26/26 MP: 1/1
   648 | D:2      | Reached skill level 5 in Maces & Flails
   648 | D:2      | Reached XP level 3. HP: 15/31 MP: 2/2
   879 | D:2      | Reached skill level 6 in Maces & Flails
   879 | D:2      | Reached XP level 4. HP: 8/39 MP: 3/3
   880 | D:2      | HP: 1/58 [gnoll/whip (7)]
  1056 | D:2      | Found a shadowy altar of Dithmenos.
  1225 | D:2      | Found a faded altar of an unknown god.
  1381 | D:3      | Reached ** piety under Trog
  1450 | D:3      | Reached XP level 5. HP: 45/45 MP: 4/4
  1451 | D:3      | Reached skill level 7 in Maces & Flails
  1677 | D:3      | Found a deep blue altar of Sif Muna.
  1789 | D:3      | Found a sparkling altar of Nemelex Xobeh.
  2300 | D:4      | Reached skill level 8 in Maces & Flails
  2343 | D:4      | Reached XP level 6. HP: 41/51 MP: 5/5
  2368 | D:4      | Found a glowing drain.
  2381 | D:4      | Reached *** piety under Trog
  2396 | Sewer    | Entered a sewer
  3360 | D:5      | Entered Level 5 of the Dungeon
  3412 | D:5      | Reached skill level 9 in Maces & Flails
  3680 | D:5      | Reached XP level 7. HP: 8/57 MP: 6/6
  3963 | D:5      | Reached skill level 10 in Maces & Flails
  4482 | D:6      | Noticed Sigmund
  4488 | D:6      | Killed Sigmund
  4491 | D:6      | Reached skill level 11 in Maces & Flails
  4503 | D:6      | Noticed Duvessa
  4505 | D:6      | HP: 1/57 [orc wizard/dagger (4)]
  4506 | D:6      | Slain by an orc wizard

Skill      XL: |  1  2  3  4  5  6  7 |
---------------+----------------------+-----
Maces & Flails | 4 5 6 8 9 11 | 11.1
Fighting       | |  3.6
Armour         | |  2.4
Dodging        | |  2.1

Action                   |  1- 3 |  4- 6 |  7- 9 || total
-------------------------+-------+-------+-------++-------
Melee: Whip              |    53 |   221 |    62 ||   336
       Mace              |     3 |       |       ||     3
       Headbutt          |     7 |    37 |     6 ||    50
Invok: Berserk           |     2 |     2 |     2 ||     6
  Eat: Chunk             |     1 |    12 |     2 ||    15
Armor: Scale mail        |    22 |    56 |    12 ||    90
Dodge: Dodged            |    38 |    99 |    11 ||   148
